 Dungeon Crawl Stone Soup version 0.31-a0-236-g9a0961fb85 (webtiles) character file.

Game seed: 17402244994253434100

159 arthad the Shield-Bearer (level 5, -3/43 HPs)
             Began as a Formicid Fighter on July 10, 2023.
             Slain by an ogre
             ... wielding a +0 giant club
              (31 damage)
             ... on level 4 of the Dungeon.
             The game lasted 00:04:23 (1927 turns).

arthad the Shield-Bearer (Formicid Fighter)         Turns: 1927, Time: 00:04:24

Health: -3/43      AC:  7    Str: 22    XL:     5   Next: 68%
Magic:  5/5        EV:  9    Int:  8    God:
Gold:   146        SH:  5    Dex: 13    Spells: 4/4 levels left

rFire   . . .        p - +0 war axe (drain)
rCold   . . .        c - +0 buckler
rNeg    . . .        b - +0 scale mail
rPois   .            (helmet unavailable)
rElec   .            (no cloak)
rCorr   .            (no gloves)
SInv    +            (no boots)
Will    .....        (no amulet) Stlth
                     m - ring of flight
HPRegen 0.27/turn    (no ring)
MPRegen 0.09/turn

%: no passive effects
@: flying
A: permanent stasis, dig shafts and tunnels, antennae 3, four strong arms
a: Dig, Shaft Self


You were on level 4 of the Dungeon.
You visited 1 branch of the dungeon, and saw 4 of its levels.

You collected 146 gold pieces.

Inventory:

Hand Weapons
 a - a +0 war axe
 p - a +0 war axe of draining (weapon)
Armour
 b - a +0 scale mail (worn)
 c - a +0 buckler (worn)
Magical Staves
 i - a staff of earth
Jewellery
 m - a ring of flight (left hand)
Wands
 n - a wand of charming (7)
Scrolls
 f - a scroll of poison {unknown}
 g - a scroll of teleportation {unknown}
 k - a scroll of identify {unknown}
 l - a scroll of noise {unknown}
 o - a scroll of torment {unknown}
Potions
 d - a potion of might
 e - a potion of brilliance {unknown}
 h - 2 potions of curing {unknown}
 j - a potion of heal wounds {unknown}
 q - 2 potions of haste {unknown}


   Skills:
 * Level 4.3 Fighting
 * Level 3.3 Axes
 + Level 4.2 Armour
 + Level 5.0 Shields


You had 4 spell levels left.
You didn't know any spells.
Your spell library contained the following spells:

 Spells                   Type           Power      Damage    Failure   Level
 Frozen Ramparts          Ice            0%         1d1       99%         3
 Ice Form                 Ice/Tmut       0%         N/A       100%        4
 Summon Ice Beast         Ice/Summ       0%         N/A       100%        4
 Malign Gateway           Summ/Tloc      0%         N/A       100%        7
 Summon Horrible Things   Summ           0%         N/A       100%        8


Dungeon Overview and Level Annotations

Branches:
Dungeon (4/15)
 Temple: D:4-7

Altars:
Sif Muna
Trog
Xom

Shops:
D:1 (   D:3 !


Innate Abilities, Weirdness & Mutations

You cannot be hasted, slowed, berserked, paralysed or teleported.
You can dig through walls and to a lower floor.
You have a pair of large antennae on your head. (SInv)
Your four strong arms can wield two-handed weapons with a shield.


Message History

Found a stone staircase leading up.
You reach down and open the door.
There is an open door here.
You now have 146 gold pieces (gained 8).
There is an open door here.
You reach down and open the door.
There is an open door here.
You see here a jackal skeleton.
Found Querios's Distillery.
There is an entrance to Querios's Distillery here.
You can access your shopping list by pressing '$'.
Done exploring.
Done exploring.
Done exploring.
Done exploring.
(D) Dungeon
Where to? (Enter - D:3, ? - help)
There is a stone staircase leading down here.
You fly downwards.
You hear the sound of rushing water.
There is an entrance to a sewer on this level.
Hurry and find it before the portal rusts away!
The hobgoblin shouts!
The ogre shouts!
Found a sling.
There is a stone staircase leading up here.
The hobgoblin hits you but does no damage.
You slash the hobgoblin!
You kill the hobgoblin!
Non-targeted abil: Dig
Press: ? - help, Q - select action, (/) - cycle Dir - look around, f - activate
Okay, then.
A ball python comes into view.
Found a leather armour.
The ogre hits you with a +0 giant club!
You slash the ogre! You drain the ogre.
The ogre is almost dead.
The ogre barely misses you.
You hit the ogre.
The ogre is almost dead.
The ogre hits you with a +0 giant club!!
Ouch! That really hurt!
You die...

#.... #.## ...
#.... #..#...
#....###.....
#..).#...#.#
#..........# {
#.......#.#
##..<...#.#
#..........##
#.......@...#
#.#.....O.......
..
#.....S.#.....
#.
#.......#..... #
.......... ....
.#....#...# ...
#......... ...
#.[.....#..


You could see an ogre (drained) and a ball python.

Vanquished Creatures
  An orc priest (D:3)
  4 gnolls (D:2)
  2 adders
  A worm (D:2)
  3 dart slugs
  3 orcs (D:3)
  3 ball pythons
  12 bats
  4 endoplasms
  4 giant cockroaches
  5 hobgoblins
  4 jackals (D:3)
  2 quokkas
  5 frilled lizards
  2 goblins
  A kobold (D:1)
  2 rats
58 creatures vanquished.

Notes
Turn   | Place    | Note
-------+----------+-------------------------------------------
     0 | D:1      | arthad the Formicid Fighter began the quest for the Orb.
     0 | D:1      | Reached XP level 1. HP: 18/18 MP: 1/1
    46 | D:1      | Found Igruim's Antique Weapon Shop.
   114 | D:1      | Reached XP level 2. HP: 20/24 MP: 2/2
   282 | D:1      | Reached XP level 3. HP: 29/29 MP: 3/3
   979 | D:2      | Reached XP level 4. HP: 32/37 MP: 4/4
  1287 | D:2      | Reached XP level 5. HP: 42/42 MP: 5/5
  1434 | D:3      | Found a shimmering altar of Xom.
  1437 | D:3      | Found a bloodstained altar of Trog.
  1440 | D:3      | Found a shimmering blue altar of Sif Muna.
  1627 | D:3      | Reached skill level 5 in Shields
  1700 | D:3      | Found a faded altar of an unknown god.
  1876 | D:3      | Found Querios's Distillery.
  1920 | D:4      | Noticed an ogre
  1927 | D:4      | Slain by an ogre

Illustrated notes

Levels and vault maps discovered:
D:1:      giann_forest_graveyard, layout_basic, serial_shops, shop
D:2:      layout_rooms
D:3:      layout_basic, grunt_temple_overflow_open,
          dreamdust_ecumenical_altar_angels_and_demons, serial_shops,
          nicolae_shop_pleasant_corner_grove
D:4:      layout_cave_pools, portal_sewer_entry_d, uniq_robin

Skill      XL: |  1  2  3  4  5 |
---------------+----------------+-----
Armour         | 4 |  4.2
Fighting       | 4 |  4.3
Axes           | 3 |  3.3
Shields        | 5 |  5.0

Action                     |  1- 3 |  4- 6 || total
---------------------------+-------+-------++-------
  Melee: War axe           |    78 |    86 ||   164
 Armour: Scale mail        |    40 |    45 ||    85
  Dodge: Dodged            |    38 |    50 ||    88
  Block: Buckler           |    25 |    32 ||    57

Table legend: (Time is in decaauts)
 A = Elapsed time spent in this place.
 B = Non-inter-level travel time spent in this place.
 C = Inter-level travel time spent in this place.
 D = Time resting spent in this place.
 E = Time spent auto-exploring this place.
 F = Levels seen in this place.
 G = Mean time per level.
                   A        B        C        D        E       F      G
               +--------+--------+--------+--------+--------+-----+--------+
         Total |   1989 |   1946 |     43 |      0 |   1507 |   4 |  497.2 |
       Dungeon |   1989 |   1946 |     43 |      0 |   1507 |   4 |  497.2 |
               +--------+--------+--------+--------+--------+-----+--------+

Top non-repeatable levels by time:
     D:1: 926 daAuts
     D:3: 534 daAuts
     D:2: 521 daAuts
     D:4: 7 daAuts
